 Dungeon Crawl Stone Soup version 0.31-a0-538-gbc85326fa9 (webtiles) character file.

Game seed: 15606981660752841518

315 bobarctor the Cudgeller (level 6, -4/48 HPs)
             Began as a Demonspawn Monk on Aug 13, 2023.
             Slain by a hound (5 damage)
             ... on level 4 of the Dungeon.
             The game lasted 00:12:23 (3182 turns).

bobarctor the Cudgeller (Demonspawn Monk)           Turns: 3182, Time: 00:12:24

Health: -4/48      AC:  3    Str: 11    XL:     6   Next: 19%
Magic:  8/8        EV: 13    Int: 13    God:
Gold:   89         SH:  0    Dex: 16    Spells: 5/8 levels left

rFire   . . .        n - +6 flail of the Dozen Songs {freeze, rC+}
rCold   + . .        d - orb {light}
rNeg    . . .        b - +0 robe
rPois   .            (helmet restricted)
rElec   .            w - +0 cloak
rCorr   .            (no gloves)
SInv    .            (no boots)
Will    .....        u - amulet of reflection
Stlth   +            (no ring)
HPRegen 0.28/turn    (no ring)
MPRegen 0.11/turn

%: reflection
@: confused, mighty, lethally poisoned (-4 -> -21), ambrosia-drunk, glowing
A: horns 1, large bone plates 1, condensation shield
a: no special abilities


You were on level 4 of the Dungeon.
You visited 1 branch of the dungeon, and saw 4 of its levels.

You collected 115 gold pieces.
You spent 26 gold pieces at shops.

Inventory:

Hand Weapons
 a - a +0 mace
 k - a +0 rapier of electrocution
 l - a +2 short sword of venom
 n - the +6 flail of the Dozen Songs (weapon) {freeze, rC+}
   (You found it on level 2 of the Dungeon)

   rC+:       It protects you from cold.
Missiles
 f - 50 stones (quivered)
 j - 10 poisoned darts
 A - 3 boomerangs
Armour
 b - a +0 robe (worn)
 d - an orb of light (worn)
 w - a +0 cloak (worn)
Magical Staves
 y - a staff of air
Jewellery
 u - an amulet of reflection (around neck)
Talismans
 h - a beast talisman
 q - a maw talisman
Wands
 r - a wand of polymorph (10)
 v - a wand of flame (23)
Scrolls
 e - 2 scrolls of teleportation {unknown}
 g - 6 scrolls of identify
 i - a scroll of fear {unknown}
 o - a scroll of immolation {unknown}
 p - a scroll of butterflies {unknown}
 t - a scroll of enchant weapon {unknown}
 x - a scroll of vulnerability {unknown}
 z - 3 scrolls of brand weapon {unknown}
Potions
 m - a potion of haste


   Skills:
 + Level 4.0 Fighting
 + Level 4.3 Maces & Flails
 + Level 3.5 Dodging
 + Level 0.5 Shields
 * Level 1.9 Spellcasting
 * Level 1.6 Translocations
 - Level 0.1 Shapeshifting


You had 5 spell levels left.
You knew the following spells:

 Your Spells              Type           Power      Damage    Failure   Level
a - Teleport Other        Tloc           5%         N/A       36%         3

Your spell library contained the following spells:

 Spells                   Type           Power      Damage    Failure   Level
 Lesser Beckoning         Tloc           10%        N/A       19%         2
 Gell's Gravitas          Tloc           5%         N/A       36%         3


Dungeon Overview and Level Annotations

Branches:
Dungeon (4/15)
 Temple: D:4-7

Altars:

Shops:
D:1 *


Innate Abilities, Weirdness & Mutations

You have a pair of small horns on your head.
You are partially covered in large bone plates. (SH +4)
A meltable shield of frost defends you. (SH +4)


Message History

You are poisoned.
Unknown command.
You barely miss Edmund.
Edmund is lightly wounded.
You feel sick.
Edmund hits you with a +1 flail of venom.
You are more poisoned.
Unknown command.
You feel very mighty all of a sudden.
You feel very sick.
Edmund hits you with a +1 flail of venom.
You are more poisoned.
You thump Edmund! You freeze Edmund. You headbutt Edmund, but do no damage.
Edmund is moderately wounded.
You feel very sick.
Edmund says, "You wouldn't believe how much I paid for this flail."
You block Edmund's attack.
You thump Edmund! You freeze Edmund.
Edmund is severely wounded.
You feel very sick.
Edmund hits you with a +1 flail of venom!
* * * LOW HITPOINT WARNING * * *
You are more poisoned.
Unknown command.
You sock Edmund! You freeze Edmund.
You kill Edmund!
* * * LOW HITPOINT WARNING * * *
You feel extremely sick. You block the hound's attack.
Your Fighting skill increases to level 4!
Your Maces & Flails skill increases to level 4!
You have reached level 6!
Your demonic ancestry asserts itself...
Frost condenses into a shield before you.
You are confused.
You feel invigorated.
* * * LOW HITPOINT WARNING * * *
You feel very sick. The hound bites you.
You die...

#.)..## ###.....####
...........+ ........####
.##.##..# .##.##..#
.##.##..# .##.##..# #+#
..).....# #@# .##.##.##
#h#
.......#########.########
###.#####............h...
#.# #..........##### #.#
#.####....##
#.#####.###..#..#
#...........##..#
#######.######..#


You could see a hound.

Vanquished Creatures
  Edmund (D:4)
  Jessica (D:3)
  Natasha (thrice) (D:2)
  A dart slug (D:2)
  9 orcs
  6 ball pythons
  7 bats
  5 endoplasms
  6 giant cockroaches
  7 goblins
  7 hobgoblins
  2 quokkas
  3 frilled lizards
  8 kobolds
  25 rats
91 creatures vanquished.

Vanquished Creatures (others)
  A hobgoblin (D:2)
1 creature vanquished.

Grand Total: 92 creatures vanquished

Notes
Turn   | Place    | Note
-------+----------+-------------------------------------------
     0 | D:1      | bobarctor the Demonspawn Monk began the quest for the Orb.
     0 | D:1      | Reached XP level 1. HP: 18/18 MP: 1/1
   480 | D:1      | Gained mutation: You have a pair of small horns on your
                  | head. [demonic ancestry]
   480 | D:1      | Reached XP level 2. HP: 24/24 MP: 2/2
   576 | D:1      | Found Jakleas's General Store.
   886 | D:1      | Bought a scroll of identify for 26 gold pieces
  1190 | D:2      | Reached XP level 3. HP: 26/29 MP: 4/4
  1205 | D:2      | Identified the +6 flail of the Dozen Songs {freeze, rC+}
  1342 | D:2      | Noticed Natasha
  1383 | D:2      | Killed Natasha
  1384 | D:2      | Reached skill level 1 in Spellcasting
  1782 | D:2      | Learned a level 3 spell: Teleport Other
  1836 | D:2      | Noticed Natasha
  1872 | D:2      | Killed Natasha
  1873 | D:2      | Gained mutation: You are partially covered in large bone
                  | plates. (SH +4) [demonic ancestry]
  1873 | D:2      | Reached XP level 4. HP: 27/36 MP: 5/5
  1893 | D:2      | Noticed Natasha
  1958 | D:2      | Killed Natasha
  2127 | D:3      | Noticed Jessica
  2128 | D:3      | Killed Jessica
  2129 | D:3      | Reached skill level 1 in Translocations
  2129 | D:3      | Reached XP level 5. HP: 42/42 MP: 7/7
  2331 | D:3      | Found a faded altar of an unknown god.
  3168 | D:4      | Noticed Edmund
  3181 | D:4      | Killed Edmund
  3181 | D:4      | HP: 2/42 [poisoned by Edmund]
  3182 | D:4      | Gained mutation: A meltable shield of frost defends you.
                  | (SH +4) [demonic ancestry]
  3182 | D:4      | Reached XP level 6. HP: 2/48 MP: 8/8
  3182 | D:4      | Slain by a hound

Illustrated notes

Levels and vault maps discovered:
D:1:      saegor_arrival_simple_d, layout_basic, serial_shops,
          nicolae_shop_window_shopping, kennysheep_another_room
D:2:      layout_loops_ring, minmay_misc_feat_chi, nrook_campfire,
          grunt_ministairs_1, minmay_crystal_water,
          chequers_serial_rivers_micro_a, serial_bayou_lake_a, uniq_natasha
D:3:      layout_loops_cross, ebering_ecumenical_altar_ruins, minmay_rat_hole,
          uniq_jessica
D:4:      layout_loops_corners, mainiacjoe_overflow_alcove_2, uniq_menkaure,
          uniq_edmund

Skill      XL: |  1  2  3  4  5 |
---------------+----------------+-----
Maces & Flails | 3 4 |  4.3
Dodging        | 3 |  3.5
Spellcasting   | 1 |  1.9
Translocations | 1 |  1.6
Fighting       | 4 |  4.0
Shields        | |  0.5
Shapeshifting  | |  0.1

Action                     |  1- 3 |  4- 6 || total
---------------------------+-------+-------++-------
  Melee: Mace              |    25 |       ||    25
         Short sword       |    21 |       ||    21
         Headbutt          |     5 |     5 ||    10
         Flail             |    15 |    72 ||    87
         Unarmed           |     2 |       ||     2
  Throw: Stone             |    13 |     3 ||    16
    Use: Scroll            |     1 |     1 ||     2
         Potion            |       |     2 ||     2
 Armour: Robe              |     7 |     7 ||    14
  Dodge: Dodged            |    41 |    36 ||    77
  Block: Orb               |       |    18 ||    18
   Form: Beast             |     1 |     1 ||     2
                           |       |     2 ||     2

Table legend: (Time is in decaauts)
 A = Elapsed time spent in this place.
 B = Non-inter-level travel time spent in this place.
 C = Inter-level travel time spent in this place.
 D = Time resting spent in this place.
 E = Time spent auto-exploring this place.
 F = Levels seen in this place.
 G = Mean time per level.
                   A        B        C        D        E       F      G
               +--------+--------+--------+--------+--------+-----+--------+
         Total |   3245 |   3170 |     75 |     33 |   2446 |   4 |  811.2 |
       Dungeon |   3245 |   3170 |     75 |     33 |   2446 |   4 |  811.2 |
               +--------+--------+--------+--------+--------+-----+--------+

Top non-repeatable levels by time:
     D:1: 1046 daAuts
     D:2: 1001 daAuts
     D:3: 685 daAuts
     D:4: 511 daAuts
